 Dungeon Crawl Stone Soup version 0.27-a0-869-g165b36e3f0 (webtiles) character file.

Game seed: 10538159108379779007

5588 jestyr24 the Blocker (level 10, 0/90 HPs)
             Began as a Minotaur Fighter on Apr 3, 2021.
             Was a Priest of Qazlal.
             Slain by Erolcha
             ... wielding a +5 spectral giant spiked club
              (14 damage)
             ... on level 9 of the Dungeon.
             The game lasted 00:26:22 (7126 turns).

jestyr24 the Blocker (Minotaur Fighter)             Turns: 7126, Time: 00:26:23

Health: 0/90       AC: 18    Str: 25    XL:     10   Next: 45%
Magic:  12/13      EV:  8    Int: 11    God:    Qazlal [***...]
Gold:   547        SH: 17    Dex: 11    Spells: 9/9 levels left

rFire    . . .     SeeInvis .   L - +9 short sword of Liuhiorph {protect, *Corrode +Blink Str+2}
rCold    + . .     Faith    .   c - +1 kite shield
rNeg     . . .     Spirit   .   t - +0 chain mail
rPois    .         Reflect  .   (helmet restricted)
rElec    .         Harm     .   (no cloak)
rCorr    .         Rampage  .   (no gloves)
Will     .....                  (no boots)
Stlth    ..........             u - amulet of regeneration
HPRegen  1.25/turn              n - +6 ring of intelligence
MPRegen  0.13/turn              G - ring of protection from cold

@: protection aura
A: horns 2, retaliatory headbutt
a: Renounce Religion, Evoke Blink, Upheaval, Elemental Force


You were on level 9 of the Dungeon.
You worshipped Qazlal.
Qazlal was most pleased with you.
You visited 1 branch of the dungeon, and saw 8 of its levels.
You visited the Abyss 1 time.

You collected 547 gold pieces.

Inventory:

Hand Weapons
 a - a +0 long sword of electrocution
 g - a +4 whip
 p - a +3 war axe of electrocution
 E - a +2 flail of freezing
 F - a +6 morningstar
 L - the +9 short sword of Liuhiorph (weapon) {protect, *Corrode +Blink Str+2}
   (You found it on level 1 of the Abyss)

   It grants its wielder temporary protection when it strikes (+7 to AC).
   It affects your strength (+2).
   It lets you blink.
   It may corrode you when you take damage.
Missiles
 C - 19 poisoned darts (quivered)
 H - a curare-tipped dart
Armour
 c - a +1 kite shield (worn)
 t - a +0 chain mail (worn)
 w - a +0 cloak
 B - +0 acid dragon scales
Jewellery
 i - a ring of fire
 n - a +6 ring of intelligence (left hand)
 u - an amulet of regeneration (around neck)
 G - a ring of protection from cold (right hand)
 J - a ring of protection from cold
Wands
 b - a wand of polymorph (9)
 r - a wand of acid (22)
 K - a wand of charming (6)
Scrolls
 f - 2 scrolls of teleportation
 h - 2 scrolls of identify
 m - 2 scrolls of fog {unknown}
 x - 4 scrolls of noise {unknown}
 y - a scroll of torment {unknown}
 z - 2 scrolls of magic mapping
 A - a scroll of enchant weapon {unknown}
 D - a scroll of enchant armour
Potions
 d - a potion of might
 e - a potion of flight {unknown}
 j - 2 potions of attraction {unknown}
 k - 8 potions of curing
 l - a potion of invisibility
 o - a potion of magic {unknown}
 q - 2 potions of heal wounds {unknown}
 s - a potion of lignification {unknown}
 v - a potion of haste {unknown}
 I - 3 potions of degeneration {unknown}


   Skills:
 + Level 8.5 Fighting
 + Level 1.6(4.5) Short Blades
 - Level 7.3(7.4) Long Blades
 - Level 4.1 Maces & Flails
 + Level 0.6 Throwing
 + Level 9.6 Armour
 + Level 2.4 Dodging
 + Level 0.6 Stealth
 + Level 10.0 Shields
 * Level 5.3 Invocations


You had 9 spell levels left.
You didn't know any spells.
Your spell library contained the following spells:

 Spells                   Type           Power      Damage    Failure   Level
 Beastly Appendage        Tmut           0%         N/A       98%         1
 Magic Dart               Conj           0%         1d3       98%         1
 Shock                    Conj/Air       0%         1d3       98%         1
 Summon Small Mammal      Summ           0%         N/A       98%         1
 Blink                    Tloc           N/A        N/A       99%         2
 Call Imp                 Summ           0%         N/A       99%         2
 Slow                     Hex            0%         N/A       99%         2
 Swiftness                Air            0%         N/A       99%         2
 Wereblood                Tmut           0%         N/A       99%         2
 Call Canine Familiar     Summ           0%         N/A       100%        3
 Conjure Flame            Conj/Fire      0%         6-21      100%        3
 Mephitic Cloud           Conj/Pois/Air  0%         N/A       100%        3
 Spider Form              Tmut/Pois      0%         N/A       100%        3
 Static Discharge         Conj/Air       0%         N/A       100%        3
 Summon Guardian Golem    Hex/Summ       0%         N/A       100%        3
 Airstrike                Air            0%         N/A       100%        4
 Ice Form                 Ice/Tmut       0%         N/A       100%        4
 Summon Ice Beast         Ice/Summ       0%         N/A       100%        4
 Summon Lightning Spire   Summ/Air       0%         N/A       100%        4
 Hydra Form               Tmut           0%         N/A       100%        5
 Lightning Bolt           Conj/Air       0%         1d11      100%        5


Dungeon Overview and Level Annotations

Branches:
Dungeon (9/15)             Temple (0/1) D:7
   Lair: D:8-11         Orc: D:9-12

Altars:
Cheibriados
Fedhas
Hepliaklqana
Qazlal
Trog
Xom

Annotations:
D:7 3 runed translucent doors, Drazool's ghost, novice TeCj
D:9 Erolcha


Innate Abilities, Weirdness & Mutations

You have a pair of horns on your head.
You reflexively headbutt those who attack you in melee.


Message History

You block the thrashing horror's attack.
The thrashing horror tramples you.
* * * LOW HITPOINT WARNING * * *
You stumble backwards!
The thrashing horror tramples you but does no damage.
You block the thrashing horror's attack.
Erolcha barely misses you.
You hit Erolcha. You headbutt Erolcha.
Erolcha is lightly wounded.
The thrashing horror tramples you but does no damage.
You block the thrashing horror's attack.
You block Erolcha's attack.
You impale the thrashing horror!!
The thrashing horror is almost destroyed.
The thrashing horror tramples you!
* * * LOW HITPOINT WARNING * * *
You hold your ground!
The thrashing horror tramples you but does no damage.
You block Erolcha's attack.
You hit the thrashing horror.
You destroy the thrashing horror!
Qazlal accepts your kill. Erolcha barely misses you. You furiously retaliate!
You headbutt Erolcha!
You feel the corruption within you wane completely.
Your system completely accepts the healing effects of potions.
Your Shields skill increases to level 10!
You hit Erolcha.
Erolcha is moderately wounded.
Erolcha casts a spell at herself.
Erolcha flickers and vanishes!
Deactivating autopickup; reactivate with Ctrl-A.
You closely miss something. Something hits you!
* * * LOW HITPOINT WARNING * * *
You hit something. Your headbutt misses something.
You block something's attack.
You puncture something! You block something's attack.
You puncture something! Something hits you!
* * * LOW HITPOINT WARNING * * *
You puncture something! Your headbutt misses something. Something hits you!
You die...

.##+#'##[.# .#.....#..#
.#.....#..#
.#..(..#..##############
.#######........(.......
........................#
...............#'######.#
...............#{○(...#.#
#####..........#@.....#.#
....#..........#......#.#
....#..........#......#.#
....##########.#......#.#
.............#.#......).#
.............# #......#.##
.............#.#......#..#
.............#.########..#
.............#...........#


There were no monsters in sight!

Vanquished Creatures
  A thrashing horror (D:9)
  A wretched star (Abyss:1)
  A glowing orange brain (Abyss:1)
  Pikel (D:5)
  A smoke demon (Abyss:1)
  Joseph (D:8)
  A large abomination (Abyss:1)
  A yak (D:8)
  2 steam dragons
  Duvessa (D:6)
  An acid dragon (D:8)
  2 sky beasts
  An ice beast (D:6)
  An ogre (D:7)
  2 centaurs
  A lemure (D:5)
  A kobold brigand (D:8)
  4 bullfrogs
  2 wyvern zombies
  2 scorpions (D:5)
  4 killer bees (D:9)
  Dowan (D:6)
  4 wights (D:8)
  A jelly (D:7)
  2 centaur zombies
  A gnoll shaman (D:8)
  A centaur skeleton (D:6)
  4 iguanas
  Jessica (D:3)
  Ijyb (D:5)
  4 orc wizards
  Terence (D:2)
  A hound zombie (D:5)
  2 hound skeletons (D:5)
  A mummy (D:8)
  7 adders
  7 gnolls
  3 shadow imps
  2 white imps
  An ufetubus (D:5)
  2 worms
  2 dart slugs
  13 orcs
  4 endoplasms
  5 giant cockroaches
  7 goblins
  3 hobgoblins
  2 jackals (D:3)
  4 kobolds
  2 quokkas
  6 ball pythons
  6 bats
  A frilled lizard (D:2)
  3 rats
137 creatures vanquished.

Vanquished Creatures (others)
  A wizard (D:6)
1 creature vanquished.

Grand Total: 138 creatures vanquished

Notes
Turn   | Place    | Note
-------+----------+-------------------------------------------
     0 | D:1      | jestyr24 the Minotaur Fighter began the quest for the Orb.
     0 | D:1      | Reached XP level 1. HP: 19/19 MP: 0/0
   210 | D:1      | Found a faded altar of an unknown god.
   222 | D:1      | Became a worshipper of Qazlal Stormbringer
   222 | D:1      | Reached * piety under Qazlal
   280 | D:1      | Reached XP level 2. HP: 27/27 MP: 1/1
   803 | D:2      | Reached XP level 3. HP: 32/34 MP: 2/2
   879 | D:2      | Noticed Terence
   900 | D:2      | Killed Terence
   901 | D:2      | Reached skill level 4 in Shields
  1119 | D:2      | Reached XP level 4. HP: 13/41 MP: 3/3
  2358 | D:3      | Reached ** piety under Qazlal
  2627 | D:3      | Noticed Jessica
  2645 | D:3      | Killed Jessica
  2646 | D:3      | Reached XP level 5. HP: 13/47 MP: 4/4
  3270 | D:3      | You fall into a shaft and drop 3 floors!
  3346 | D:5      | Entered Level 5 of the Dungeon
  3448 | D:5      | Noticed Ijyb
  3455 | D:5      | Killed Ijyb
  3490 | D:5      | Reached skill level 5 in Armour
  3490 | D:5      | Reached XP level 6. HP: 42/55 MP: 5/5
  3596 | D:5      | Found a glowing drain.
  3607 | D:5      | Reached skill level 5 in Long Blades
  3608 | D:5      | Reached skill level 5 in Fighting
  3608 | D:5      | Reached skill level 5 in Shields
  3815 | D:5      | Reached skill level 1 in Dodging
  3869 | D:5      | Noticed Pikel
  3881 | D:5      | Killed Pikel
  3882 | D:5      | Reached XP level 7. HP: 51/61 MP: 6/6
  4029 | D:5      | Reached skill level 6 in Shields
  4361 | D:6      | Noticed Dowan
  4365 | D:6      | Noticed Duvessa
  4372 | D:6      | Killed Dowan
  4378 | D:6      | Killed Duvessa
  4379 | D:6      | Reached XP level 8. HP: 33/70 MP: 7/7
  4690 | D:6      | Found a bloodstained altar of Trog.
  4692 | D:6      | Noticed a wizard
  4698 | D:6      | Killed a wizard
  5230 | D:6      | Identified the +0 pair of gloves of the Invisible Hand {rN+
                  | Regen+ Slay-5}
  5372 | D:7      | Found a hazy altar of Hepliaklqana.
  5392 | D:7      | Reached skill level 1 in Invocations
  5419 | D:7      | Found a staircase to the Ecumenical Temple.
  5465 | D:7      | Found a runed translucent gate.
  5465 | D:7      | Found a runed translucent gate.
  5467 | D:7      | Reached skill level 7 in Shields
  5487 | D:7      | Found a runed translucent gate.
  5487 | D:7      | Noticed Drazool's ghost (novice TeCj)
  5535 | D:7      | Found a blossoming altar of Fedhas.
  5978 | D:8      | Reached XP level 9. HP: 67/79 MP: 9/9
  6142 | D:8      | Noticed Joseph
  6147 | D:8      | Reached skill level 8 in Shields
  6150 | D:8      | Killed Joseph
  6400 | D:8      | Reached skill level 1 in Maces & Flails
  6402 | D:8      | Reached *** piety under Qazlal
  6403 | D:8      | Reached skill level 9 in Shields
  6414 | D:8      | Found a shimmering altar of Xom.
  6501 | D:8      | Found a snail-covered altar of Cheibriados.
  6927 | D:9      | Noticed Erolcha
  6967 | D:9      | Cast into level 1 of the Abyss (Erolcha)
  6992 | Abyss:1  | Noticed a glowing orange brain
  6999 | Abyss:1  | Noticed a smoke demon
  6999 | Abyss:1  | Noticed a smoke demon
  7004 | Abyss:1  | Killed a glowing orange brain
  7005 | Abyss:1  | Reached XP level 10. HP: 35/88 MP: 12/12
  7057 | Abyss:1  | Identified the +9 short sword of Liuhiorph {protect,
                  | *Corrode +Blink Str+2}
  7069 | Abyss:1  | Noticed a smoke demon
  7084 | Abyss:1  | Found a corrupted altar of Lugonu.
  7086 | Abyss:1  | Noticed a wretched star
  7094 | Abyss:1  | Killed a wretched star
  7110 | Abyss:1  | Noticed a thrashing horror
  7113 | Abyss:1  | Killed a smoke demon
  7114 | Abyss:1  | Reached skill level 1 in Short Blades
  7114 | Abyss:1  | Reached skill level 5 in Invocations
  7116 | D:9      | Escaped the Abyss
  7120 | D:9      | Killed a thrashing horror
  7121 | D:9      | Reached skill level 10 in Shields
  7126 | D:9      | Slain by Erolcha

Illustrated notes

Levels and vault maps discovered:
D:1:      psy_arrival_conway, layout_basic, basic_ecumenical_altar
D:2:      layout_basic, uniq_terence
D:3:      layout_rooms, saegor_snake_ambush, uniq_jessica
D:5:      layout_basic, gup_sewer_entry_glass, lemuel_flamethrower_2, uniq_ijyb,
          uniq_pikel
D:6:      layout_basic, trog_wizard, due_unseen_surprise, uniq_duvessa
D:7:      layout_cave_pools, amcnicky_altar_gilded,
          nicolae_hepliaklqana_hazy_memory, temple_fountains,
          gammafunk_ghost_split, minmay_misc_feat_hallway
D:8:      layout_loops_ring, slow_altar_2, tgw_xom, uniq_joseph
D:9:      layout_irregular_city, eino_curves_01, uniq_erolcha

Skill      XL: |  1  2  3  4  5  6  7  8  9 10 |
---------------+-------------------------------+-----
Armour         | 4 5 6 8 9 |  9.6
Fighting       | 4 5 7 8 |  8.5
Long Blades    | 3 4 6 7 |  7.3
Shields        | 4 5 6 7 9 10 | 10.0
Dodging        | 1 2 |  2.4
Invocations    | 2 4 5 |  5.3
Maces & Flails | 4 |  4.1
Short Blades   | 1 |  1.6
Throwing       | |  0.6
Stealth        | |  0.6

Action                   |  1- 3 |  4- 6 |  7- 9 | 10-12 || total
-------------------------+-------+-------+-------+-------++-------
Melee: Long sword        |    62 |   129 |    44 |       ||   235
       Headbutt          |     9 |    22 |    33 |     8 ||    72
       War axe           |       |       |    75 |       ||    75
       Morningstar       |       |       |    57 |       ||    57
       Short sword       |       |       |       |    33 ||    33
Throw: Dart              |       |       |     3 |       ||     3
  Use: Scroll            |       |     7 |     1 |       ||     8
       Potion            |       |       |     1 |       ||     1
Armor: Scale mail        |    24 |    29 |       |       ||    53
       Chain mail        |       |    12 |    82 |    12 ||   106
Dodge: Dodged            |    19 |    28 |    53 |     5 ||   105
Block: Kite shield       |    41 |    71 |   170 |    23 ||   305
       Rpst.: Long sword |     5 |     6 |     1 |       ||    12

Table legend: (Time is in decaauts)
 A = Elapsed time spent in this place.
 B = Non-inter-level travel time spent in this place.
 C = Inter-level travel time spent in this place.
 D = Time resting spent in this place.
 E = Time spent auto-exploring this place.
 F = Levels seen in this place.
 G = Mean time per level.
                   A        B        C        D        E       F      G
               +--------+--------+--------+--------+--------+-----+--------+
         Total |   7326 |   7276 |     50 |   1334 |   4312 |   9 |  814.0 |
       Dungeon |   7174 |   7124 |     50 |   1291 |   4305 |   8 |  896.8 |
         Abyss |    151 |    151 |      0 |     43 |      7 |   1 |  151.0 |
               +--------+--------+--------+--------+--------+-----+--------+

Top non-repeatable levels by time:
     D:2: 1796 daAuts
     D:6: 1166 daAuts
     D:3: 1060 daAuts
     D:5: 965 daAuts
     D:8: 796 daAuts
     D:7: 560 daAuts
     D:1: 501 daAuts
     D:9: 327 daAuts
 Abyss:1: 151 daAuts
